TOP OF THE 1ST |
Panama City Piranhas batting - Pitching for Montana Pandas : RHP António Rodríguez
|
Pitching: RHP António Rodríguez
|
|
Batting: RHB António Mendoza
|
0-0: Ball 1-0: Foul Ball, location: 2F 1-1: Ball 2-1: Fly out, F4 (Flyball, 4D, EV 93.8 MPH)
|
Batting: RHB Quindarious Monday
|
0-0: Ball 1-0: Ball 2-0: Ball 3-0: Called Strike 3-1: Foul Ball, location: 2F 3-2: Fly out, F9 (Flyball, 9LS, EV 84.4 MPH)
|
Batting: RHB Petri Kallio
|
0-0: Ball 1-0: Ball 2-0: Ball 3-0: Called Strike 3-1: SINGLE (Groundball, 6MD, EV 107.5 MPH)
|
Batting: RHB Bruno Williams
|
0-0: Ball 1-0: Ground out 4-3 (Groundball, 4, EV 83.8 MPH)
|
Top of the 1st over - 0 runs, 1 hit, 0 errors, 1 left on base; Panama City 0 - Montana 0 |
BOTTOM OF THE 1ST |
Montana Pandas batting - Pitching for Panama City Piranhas : LHP Edison Larson
|
Pitching: LHP Edison Larson
|
|
Batting: RHB Francisco Agámez
|
0-0: SINGLE (Groundball, 6M, EV 109.4 MPH)
|
Batting: RHB Sergio Vásquez
|
0-0: Ball 1-0: Called Strike 1-1: Fly out, F7 (Line Drive, 7, EV 90.6 MPH)
|
Batting: RHB Raúl Ruíz
|
0-0: Ball Wild Pitch! Francisco Agámez to second 1-0: Foul Ball, location: 2F 1-1: Foul Ball, location: 2F 1-2: Ground out 4-3 (Groundball, 4, EV 100.0 MPH) Francisco Agámez to third
|
Batting: RHB Alfredo Pizarro
|
0-0: Called Strike 0-1: Ball 1-1: Foul Ball, location: 2F 1-2: SINGLE (Flyball, 89S, EV 90.6 MPH) Francisco Agámez scores
|
Batting: LHB Pedro Gutiérrez
|
0-0: Fly out, F7 (Flyball, 7LM, EV 107.5 MPH)
|
Bottom of the 1st over - 1 run, 2 hits, 0 errors, 1 left on base; Panama City 0 - Montana 1 |
TOP OF THE 2ND |
Panama City Piranhas batting - Pitching for Montana Pandas : RHP António Rodríguez
|
Batting: RHB Craig Tricket
|
0-0: Called Strike 0-1: Ground out 5-3 (Groundball, 56, EV 77.5 MPH)
|
Batting: LHB Nathan Tanner
|
0-0: Called Strike 0-1: Ground out 4-3 (Groundball, 34, EV 85.0 MPH)
|
Batting: RHB Silvio Bonauiti
|
0-0: Ball 1-0: Fly out, F9 (Flyball, 9LSF, EV 95.6 MPH)
|
Top of the 2nd over - 0 runs, 0 hits, 0 errors, 0 left on base; Panama City 0 - Montana 1 |
BOTTOM OF THE 2ND |
Montana Pandas batting - Pitching for Panama City Piranhas : LHP Edison Larson
|
Batting: LHB António González
|
0-0: Foul Ball, location: 2F 0-1: SINGLE (Groundball, 3D, EV 95.6 MPH)
|
Batting: SHB Melito Báez
|
0-0: Ball 1-0: Foul Ball, location: 2F 1-1: Ball 2-1: Called Strike 2-2: Foul Ball, location: 2F 2-2: Foul Ball, location: 2F 2-2: SINGLE (Groundball, 34D, EV 94.4 MPH) António González to second Runner from 2nd tries for 3rd, SAFE, throw by RF made to third
|
Batting: LHB Jin-yong Myung
|
0-0: SINGLE (Groundball, 34D, EV 105.0 MPH) António González scores Melito Báez to second Runner from 2nd tries for 3rd, SAFE, no throw by RF
|
Batting: RHB Adrian Rodgers
|
0-0: Called Strike 0-1: Fly out, F9 (Flyball, 9, EV 92.5 MPH)
|
Batting: RHB Francisco Agámez
|
0-0: Foul Ball, location: 2F 0-1: Reached on error, E4 (Groundball, 4M, EV 102.5 MPH) Melito Báez scores Jin-yong Myung to second
|
Batting: RHB Sergio Vásquez
|
0-0: Called Strike 0-1: Called Strike 0-2: Ball 1-2: Foul Ball, location: 2F 1-2: Ball 2-2: Fly out, F3 (Popup, 3F, EV 63.8 MPH)
|
Batting: RHB Raúl Ruíz
|
0-0: Ball 1-0: Called Strike 1-1: Ball 2-1: Ball 3-1: Swinging Strike 3-2: SINGLE (Groundball, 34D, EV 98.8 MPH) Jin-yong Myung to third Francisco Agámez to second Jin-yong Myung scores Francisco Agámez to third
|
Batting: RHB Alfredo Pizarro
|
0-0: Ball 1-0: Ball 2-0: Foul Ball, location: 2F 2-1: Ball 3-1: Base on Balls Raúl Ruíz to second
|
Batting: LHB Pedro Gutiérrez
|
0-0: Foul Ball, location: 2F 0-1: Foul Ball, location: 2F 0-2: Foul Ball, location: 2F 0-2: Ball 1-2: DOUBLE (Groundball, 3L, EV 100.6 MPH) Francisco Agámez scores Raúl Ruíz scores Alfredo Pizarro to third
|
Batting: LHB António González
|
0-0: Fly out, F7 (Flyball, 78D, EV 75.6 MPH)
|
Bottom of the 2nd over - 5 runs, 5 hits, 1 error, 2 left on base; Panama City 0 - Montana 6 |
TOP OF THE 3RD |
Panama City Piranhas batting - Pitching for Montana Pandas : RHP António Rodríguez
|
Batting: SHB Ben Boston
|
0-0: Foul Ball, location: 2F 0-1: Fly out, F1 (Line Drive, P, EV 76.9 MPH)
|
Batting: RHB Brant Thigpen
|
0-0: Called Strike 0-1: Ball 1-1: Swinging Strike 1-2: Ball 2-2: Foul Ball, location: 2F 2-2: Foul Ball, location: 2F 2-2: Ball 3-2: Foul Ball, location: 2F 3-2: Strikes out swinging
|
Batting: RHB António Mendoza
|
0-0: Ball 1-0: SINGLE (Groundball, 34D, EV 99.4 MPH)
|
Batting: RHB Quindarious Monday
|
0-0: Called Strike 0-1: Called Strike 0-2: Ball 1-2: Reached on error, E4 (Groundball, 4M, EV 104.4 MPH) António Mendoza to second
|
Pitching: LHP Brandon Franklin
|
|
Batting: RHB Petri Kallio
|
0-0: Ball 1-0: Called Strike 1-1: Ball 2-1: Foul Ball, location: 2F 2-2: Foul Ball, location: 2F 2-2: Ball 3-2: Ground out 5-3 (Groundball, 5, EV 91.9 MPH)
|
Top of the 3rd over - 0 runs, 1 hit, 1 error, 2 left on base; Panama City 0 - Montana 6 |
BOTTOM OF THE 3RD |
Montana Pandas batting - Pitching for Panama City Piranhas : LHP Edison Larson
|
Batting: SHB Melito Báez
|
0-0: Foul Ball, location: 2F 0-1: Fly out, F9 (Flyball, 9S, EV 88.1 MPH)
|
Batting: LHB Jin-yong Myung
|
0-0: Ball 1-0: Ball 2-0: Ball 3-0: Called Strike 3-1: Base on Balls
|
Batting: RHB Adrian Rodgers
|
0-0: Foul Ball, location: 2F 0-1: Ball 1-1: Ball 2-1: DOUBLE (Line Drive, 89D, EV 106.2 MPH) Jin-yong Myung to third
|
Batting: RHB Francisco Agámez
|
0-0: Called Strike 0-1: Fly out, F6 (Popup, 6, EV 80.0 MPH)
|
Pinch Hitting: LHB DeMarvion Overshown
|
0-0: SINGLE (Flyball, 7S, EV 91.9 MPH) Jin-yong Myung scores Adrian Rodgers to third Runner from 3rd tries for Home, SAFE, throw by LF to home
|
Pitching: LHP Todd Serrano
|
|
Batting: RHB Raúl Ruíz
|
0-0: Foul Ball, location: 2F 0-1: Ball 1-1: Ball 2-1: Ball 3-1: Foul Ball, location: 2F 3-2: Base on Balls DeMarvion Overshown to second
|
Batting: RHB Alfredo Pizarro
|
0-0: Called Strike 0-1: SINGLE (Line Drive, 34D, EV 101.9 MPH) DeMarvion Overshown to third Raúl Ruíz to second
|
Batting: LHB Pedro Gutiérrez
|
0-0: Called Strike 0-1: Foul Ball, location: 2F 0-2: Ball 1-2: Reached on error, E4 (Groundball, 4, EV 85.0 MPH) DeMarvion Overshown scores Raúl Ruíz to third Alfredo Pizarro to second
|
Batting: LHB António González
|
0-0: Called Strike 0-1: Ball 1-1: Ball 2-1: Fielders Choice at 2nd, 6-4 (Groundball, 6, EV 77.5 MPH)
|
Bottom of the 3rd over - 3 runs, 3 hits, 1 error, 3 left on base; Panama City 0 - Montana 9 |
TOP OF THE 4TH |
Panama City Piranhas batting - Pitching for Montana Pandas : LHP Brandon Franklin
|
Now at 3B: DeMarvion Overshown
|
|
Batting: RHB Bruno Williams
|
0-0: Ball 1-0: Ball 2-0: Ball 3-0: Called Strike 3-1: Called Strike 3-2: Foul Ball, location: 2F 3-2: Foul Ball, location: 2F 3-2: SINGLE (Groundball, 56D, EV 106.2 MPH)
|
Batting: RHB Craig Tricket
|
0-0: Ball 1-0: Called Strike 1-1: Foul Ball, location: 2F 1-2: Ball 2-2: Ball 3-2: Fly out, F8 (Flyball, 89D, EV 100.6 MPH)
|
Batting: LHB Nathan Tanner
|
0-0: Foul Ball, location: 2F 0-1: Ball 1-1: Ball 2-1: Called Strike 2-2: Ball 3-2: Strikes out swinging
|
Batting: RHB Silvio Bonauiti
|
0-0: Ball 1-0: Foul Ball, location: 2F 1-1: Ball 2-1: Ball 3-1: Base on Balls Bruno Williams to second
|
Batting: SHB Ben Boston
|
0-0: Called Strike 0-1: Fielders Choice at 2nd, 5-4 (Groundball, 5, EV 93.8 MPH)
|
Top of the 4th over - 0 runs, 1 hit, 0 errors, 2 left on base; Panama City 0 - Montana 9 |
BOTTOM OF THE 4TH |
Montana Pandas batting - Pitching for Panama City Piranhas : LHP Todd Serrano
|
Batting: SHB Melito Báez
|
0-0: Ball 1-0: Called Strike 1-1: Ball 2-1: Ball 3-1: Foul Ball, location: 2F 3-2: Base on Balls
|
Batting: LHB Jin-yong Myung
|
0-0: Ball 1-0: Foul Ball, location: 2F 1-1: SINGLE (Line Drive, 8LS, EV 108.1 MPH) Melito Báez to second
|
Batting: RHB Adrian Rodgers
|
0-0: Called Strike 0-1: Called Strike 0-2: Foul Ball, location: 2F 0-2: Strikes out swinging
|
Batting: RHB Francisco Agámez
|
0-0: Fielders Choice at 2nd, 1-6 (Groundball, 13S, EV 71.9 MPH) Melito Báez to third
|
Batting: LHB DeMarvion Overshown
|
0-0: Fly out, F9 (Line Drive, 9, EV 90.6 MPH)
|
Bottom of the 4th over - 0 runs, 1 hit, 0 errors, 2 left on base; Panama City 0 - Montana 9 |
TOP OF THE 5TH |
Panama City Piranhas batting - Pitching for Montana Pandas : LHP Brandon Franklin
|
Pitching: RHP Domingo Velasco
|
|
Batting: RHB Brant Thigpen
|
0-0: Ball 1-0: Ball 2-0: Foul Ball, location: 2F 2-1: SINGLE (Groundball, 6MD, EV 96.9 MPH)
|
Batting: RHB António Mendoza
|
0-0: Ball 1-0: Called Strike 1-1: Ball 2-1: Ball 3-1: Swinging Strike 3-2: SINGLE (Line Drive, 8LS, EV 93.8 MPH) Brant Thigpen to second
|
Batting: RHB Quindarious Monday
|
0-0: Fly out, F7 (Line Drive, 7, EV 92.5 MPH)
|
Batting: RHB Petri Kallio
|
0-0: Fly out, F4 (Popup, 3S, EV 83.8 MPH)
|
Batting: RHB Bruno Williams
|
0-0: Ball 1-0: SINGLE (Groundball, 56, EV 107.5 MPH) (infield hit) Brant Thigpen to third António Mendoza to second
|
Batting: RHB Craig Tricket
|
0-0: Ball 1-0: Swinging Strike 1-1: SINGLE (Groundball, 5D, EV 104.4 MPH) Brant Thigpen scores António Mendoza to third Bruno Williams to second Runner from 3rd tries for Home, SAFE, throw by LF to home
|
Batting: LHB Nathan Tanner
|
0-0: Called Strike 0-1: Ground out U3 (Groundball, 3, EV 90.6 MPH)
|
Top of the 5th over - 2 runs, 4 hits, 0 errors, 2 left on base; Panama City 2 - Montana 9 |
BOTTOM OF THE 5TH |
Montana Pandas batting - Pitching for Panama City Piranhas : LHP Todd Serrano
|
Batting: RHB Raúl Ruíz
|
0-0: Fly out, F7 (Flyball, 7, EV 74.4 MPH)
|
Batting: RHB Alfredo Pizarro
|
0-0: Ball 1-0: Ball 2-0: Fly out, F7 (Flyball, 7LS, EV 95.0 MPH)
|
Batting: LHB Pedro Gutiérrez
|
0-0: Ball 1-0: Ball 2-0: Ball 3-0: Called Strike 3-1: Foul Ball, location: 2F 3-2: Strikes out swinging
|
Bottom of the 5th over - 0 runs, 0 hits, 0 errors, 0 left on base; Panama City 2 - Montana 9 |
TOP OF THE 6TH |
Panama City Piranhas batting - Pitching for Montana Pandas : RHP Domingo Velasco
|
Batting: RHB Silvio Bonauiti
|
0-0: Ball 1-0: Ball 2-0: Foul Ball, location: 2F 2-1: Foul Ball, location: 2F 2-2: Fly out, F7 (Flyball, 78M, EV 93.8 MPH)
|
Batting: SHB Ben Boston
|
0-0: Called Strike 0-1: Fly out, F4 (Line Drive, 4, EV 61.2 MPH)
|
Batting: RHB Brant Thigpen
|
0-0: Called Strike 0-1: Ball 1-1: Called Strike 1-2: Ball 2-2: Foul Ball, location: 2F 2-2: Foul Ball, location: 2F 2-2: Fly out, F7 (Flyball, 7, EV 98.1 MPH)
|
Top of the 6th over - 0 runs, 0 hits, 0 errors, 0 left on base; Panama City 2 - Montana 9 |
BOTTOM OF THE 6TH |
Montana Pandas batting - Pitching for Panama City Piranhas : LHP Todd Serrano
|
Batting: LHB António González
|
0-0: Ball 1-0: Called Strike 1-1: Ball 2-1: Ball 3-1: Base on Balls
|
Batting: SHB Melito Báez
|
0-0: Ball 1-0: Ball 2-0: Fly out, F8 (Flyball, 8RS, EV 91.2 MPH)
|
Batting: LHB Jin-yong Myung
|
0-0: Fielders Choice at 2nd, 3-6 (Groundball, 3, EV 83.8 MPH)
|
Batting: RHB Adrian Rodgers
|
0-0: Called Strike 0-1: Ball 1-1: Swinging Strike 1-2: Ball 2-2: Strikes out swinging
|
Bottom of the 6th over - 0 runs, 0 hits, 0 errors, 1 left on base; Panama City 2 - Montana 9 |
TOP OF THE 7TH |
Panama City Piranhas batting - Pitching for Montana Pandas : RHP Domingo Velasco
|
Pitching: RHP Mark Sanders
|
|
Batting: RHB António Mendoza
|
0-0: Called Strike 0-1: Ball 1-1: Called Strike 1-2: Ball 2-2: Strikes out swinging
|
Batting: RHB Quindarious Monday
|
0-0: SINGLE (Line Drive, 4MD, EV 98.1 MPH)
|
Batting: RHB Petri Kallio
|
0-0: Called Strike Quindarious Monday is caught stealing 2nd base 2-4 0-1: Swinging Strike 0-2: SINGLE (Line Drive, 9S, EV 98.1 MPH)
|
Batting: RHB Bruno Williams
|
0-0: Ball 1-0: Ball 2-0: SINGLE (Line Drive, 56D, EV 98.1 MPH) Petri Kallio to second
|
Batting: RHB Craig Tricket
|
0-0: Ball 1-0: SINGLE (Groundball, 34D, EV 96.9 MPH) Petri Kallio to third Bruno Williams to second Runner from 3rd tries for Home, SAFE, throw by RF to home
|
Batting: LHB Nathan Tanner
|
0-0: Ball 1-0: Swinging Strike 1-1: Ball 2-1: Called Strike 2-2: Foul Ball, location: 2F 2-2: Foul Ball, location: 2F 2-2: Foul Ball, location: 2F 2-2: Ball 3-2: Base on Balls Bruno Williams to third Craig Tricket to second
|
Batting: RHB Silvio Bonauiti
|
0-0: Ball 1-0: Ground out 6-3 (Groundball, 56, EV 86.2 MPH)
|
Top of the 7th over - 1 run, 4 hits, 0 errors, 3 left on base; Panama City 3 - Montana 9 |
BOTTOM OF THE 7TH |
Montana Pandas batting - Pitching for Panama City Piranhas : LHP Todd Serrano
|
Batting: RHB Francisco Agámez
|
0-0: Ball 1-0: Called Strike 1-1: Ground out 4-3 (Groundball, 4, EV 87.5 MPH)
|
Batting: LHB DeMarvion Overshown
|
0-0: SINGLE (Groundball, 4MD, EV 103.8 MPH)
|
Pitching: RHP Marvin Sidebottom
|
|
Batting: RHB Raúl Ruíz
|
0-0: Foul Ball, location: 2F 0-1: Ball 1-1: Ball 2-1: Ball 3-1: Called Strike 3-2: Foul Ball, location: 2F 3-2: Strikes out looking
|
Batting: RHB Alfredo Pizarro
|
0-0: Ball 1-0: Foul Ball, location: 2F 1-1: 2-RUN HOME RUN (Flyball, 7LD, EV 108.1 MPH), Distance : 344 ft
|
Batting: LHB Pedro Gutiérrez
|
0-0: Ball 1-0: Called Strike 1-1: Called Strike 1-2: Strikes out swinging
|
Bottom of the 7th over - 2 runs, 2 hits, 0 errors, 0 left on base; Panama City 3 - Montana 11 |
TOP OF THE 8TH |
Panama City Piranhas batting - Pitching for Montana Pandas : RHP Mark Sanders
|
Batting: SHB Ben Boston
|
0-0: Foul Ball, location: 2F 0-1: Swinging Strike 0-2: Ball 1-2: Strikes out swinging
|
Pitching: RHP Tate Beason
|
|
Batting: RHB Brant Thigpen
|
0-0: Ball 1-0: Foul Ball, location: 2F 1-1: Foul Ball, location: 2F 1-2: Foul Ball, location: 2F 1-2: Strikes out looking
|
Batting: RHB António Mendoza
|
0-0: Ball 1-0: Foul Ball, location: 2F 1-1: Ball 2-1: Ball 3-1: Base on Balls
|
Batting: RHB Quindarious Monday
|
0-0: Ball 1-0: Ground out 1-3 (Groundball, 25, EV 78.8 MPH)
|
Top of the 8th over - 0 runs, 0 hits, 0 errors, 1 left on base; Panama City 3 - Montana 11 |
BOTTOM OF THE 8TH |
Montana Pandas batting - Pitching for Panama City Piranhas : RHP Marvin Sidebottom
|
Batting: LHB António González
|
0-0: Swinging Strike 0-1: Swinging Strike 0-2: Foul Ball, location: 2F 0-2: Strikes out swinging
|
Batting: SHB Melito Báez
|
0-0: Fly out, F8 (Flyball, 8RS, EV 94.4 MPH)
|
Batting: LHB Jin-yong Myung
|
0-0: Ball 1-0: Swinging Strike 1-1: Ball 2-1: Swinging Strike 2-2: Ball 3-2: Strikes out swinging
|
Bottom of the 8th over - 0 runs, 0 hits, 0 errors, 0 left on base; Panama City 3 - Montana 11 |
TOP OF THE 9TH |
Panama City Piranhas batting - Pitching for Montana Pandas : RHP Tate Beason
|
Batting: RHB Petri Kallio
|
0-0: Ball 1-0: Ball 2-0: Swinging Strike 2-1: Ball 3-1: Foul Ball, location: 2F 3-2: Strikes out swinging
|
Batting: RHB Bruno Williams
|
0-0: Called Strike 0-1: Ball 1-1: Swinging Strike 1-2: Strikes out looking
|
Batting: RHB Craig Tricket
|
0-0: Ball 1-0: Foul Ball, location: 2F 1-1: Ball 2-1: Foul Ball, location: 2F 2-2: Ball 3-2: Base on Balls
|
Pitching: RHP Dennis Dunn
|
|
Batting: LHB Nathan Tanner
|
0-0: Ball 1-0: SINGLE (Groundball, 6, EV 94.4 MPH) (infield hit) Craig Tricket to second
|
Batting: RHB Silvio Bonauiti
|
0-0: Ball 1-0: Ball 2-0: Foul Ball, location: 2F 2-1: Swinging Strike 2-2: Ball 3-2: Ground out 6-3 (Groundball, 6, EV 80.0 MPH)
|
Top of the 9th over - 0 runs, 1 hit, 0 errors, 2 left on base; Panama City 3 - Montana 11 |
|